[Event "17th Memorial Lezcano Montalvo 2025"]
[Site "Gran Canaria"]
[Date "2025.04.12"]
[Round "1.43"]
[White "Hu, Jiani"]
[Black "Monteiro Rodrigues, Carlos"]
[Result "1-0"]
[Annotator "RC"]
[ECO "C90"]
[WhiteElo "2091"]
[BlackElo "1549"]
[PlyCount "43"]
[EventDate "2025.04.13"]
[EventType "swiss"]
[EventCountry "ESP"]
[SourceTitle "playchess.com"]
[Source "ChessBase"]
[SourceQuality "1"]
[TimeControl "5400+30"]

1. e4 e5 2. Nf3 Nc6 3. Bb5 a6 4. Ba4 b5 5. Bb3 Nf6 6. O-O Be7 7. Re1 d6 8. c3 Bg4 9. d3 h6 10. Nbd2 Nh5 11. h3 Bxf3 12. Qxf3 Nf6 13. Nf1 Na5 14. Bc2 Nh7 15. b4 Nc6 16. Bb3 Bf6 17. Ng3 Ne7 18. Nh5 O-O 19. Nxf6+ Nxf6 20. Bxh6 Ng6 21. Bg5 c6 22. Qf5 1-0

[Event "17th Memorial Lezcano Montalvo 2025"]
[Site "Gran Canaria"]
[Date "2025.04.12"]
[Round "1.44"]
[White "Gavilan Ledezma, Kevin"]
[Black "Cruz Ramirez, Nauzet"]
[Result "0-1"]
[Annotator "RC"]
[ECO "B13"]
[WhiteElo "1548"]
[BlackElo "2076"]
[PlyCount "74"]
[EventDate "2025.04.13"]
[EventType "swiss"]
[EventCountry "ESP"]
[SourceTitle "playchess.com"]
[Source "ChessBase"]
[SourceQuality "1"]
[TimeControl "5400+30"]

1. e4 c6 2. d4 d5 3. exd5 cxd5 4. Nf3 Nf6 5. h3 Nc6 6. Be2 e6 7. Bg5 Bd6 8. O-O h6 9. Bh4 g5 10. Bg3 Bxg3 11. fxg3 Ne4 12. Ne5 Nxe5 13. dxe5 Qb6+ 14. Kh2 Qxb2 15. Nd2 Qxe5 16. Nxe4 dxe4 17. Rb1 O-O 18. Bh5 f5 19. Qe2 Qc7 20. Rb4 Bd7 21. Rc4 Bc6 22. Qe3 Qg7 23. Qc5 a6 24. Rd4 Rad8 25. Rd6 Bd5 26. Rd1 Rc8 27. Qf2 Rc6 28. Rxc6 Bxc6 29. Rd6 Qe5 30. Qd4 Qxd4 31. Rxd4 Kg7 32. Be2 Kf6 33. Bc4 Ke5 34. c3 Bd5 35. Bb3 Rc8 36. Bxd5 exd5 37. Rb4 Rxc3 0-1

[Event "17th Memorial Lezcano Montalvo 2025"]
[Site "Gran Canaria"]
[Date "2025.04.12"]
[Round "1.45"]
[White "Sukhodolskyi, Oleksii"]
[Black "Martin Gonzalez, Lucas"]
[Result "1-0"]
[Annotator "RC"]
[ECO "B07"]
[WhiteElo "2070"]
[BlackElo "1547"]
[PlyCount "109"]
[EventDate "2025.04.13"]
[EventType "swiss"]
[EventCountry "ESP"]
[SourceTitle "playchess.com"]
[Source "ChessBase"]
[SourceQuality "1"]
[TimeControl "5400+30"]

1. e4 d6 2. d4 Nf6 3. Nc3 e5 4. dxe5 dxe5 5. Qxd8+ Kxd8 6. Bg5 Nbd7 7. Bc4 Ke8 8. Nf3 Bd6 9. O-O h6 10. Be3 c6 11. a3 Ke7 12. Rad1 Nf8 13. Bxf7 Ne6 14. Bxe6 Bxe6 15. Rd2 Ng4 16. Nh4 Nxe3 17. Ng6+ Kd7 18. fxe3 Rhd8 19. Nxe5+ Kc7 20. Nf3 Bc5 21. Nd4 Bc4 22. Rf5 Bxd4 23. exd4 Rd7 24. b3 Bg8 25. Rf3 Rad8 26. Rfd3 Bh7 27. d5 Bg6 28. dxc6 bxc6 29. Rxd7+ Rxd7 30. Rxd7+ Kxd7 31. Kf2 Kd6 32. Ke3 Ke5 33. g3 h5 34. h4 Bf7 35. b4 Bc4 36. Na4 Bf7 37. Nc5 Bg6 38. c4 Bf7 39. Nd3+ Kd6 40. Kd4 a6 41. Nc5 a5 42. Nb7+ Kc7 43. Nxa5 c5+ 44. Kxc5 g5 45. hxg5 h4 46. gxh4 Bg6 47. e5 Be8 48. b5 Bxb5 49. cxb5 Kd7 50. g6 Kc7 51. g7 Kd7 52. g8=Q Kc7 53. Nc6 Kd7 54. e6+ Kc7 55. Qb8# 1-0

[Event "17th Memorial Lezcano Montalvo 2025"]
[Site "Gran Canaria"]
[Date "2025.04.12"]
[Round "1.46"]
[White "Leandro Tejera, Damian"]
[Black "Sosa Suarez, Carla Cristina"]
[Result "0-1"]
[Annotator "RC"]
[ECO "B06"]
[WhiteElo "1546"]
[BlackElo "2056"]
[PlyCount "104"]
[EventDate "2025.04.13"]
[EventType "swiss"]
[EventCountry "ESP"]
[SourceTitle "playchess.com"]
[Source "ChessBase"]
[SourceQuality "1"]
[TimeControl "5400+30"]

1. d4 d6 2. Nf3 g6 3. Nc3 Nd7 4. e4 Bg7 5. Bc4 e6 6. Bf4 Ne7 7. Qd2 a6 8. Bh6 Bxh6 9. Qxh6 Ng8 10. Qd2 b5 11. Bb3 Bb7 12. d5 e5 13. a3 Nc5 14. Ba2 Nf6 15. Qe3 Qe7 16. b4 Ncd7 17. O-O Nb6 18. Nd2 Nh5 19. Ne2 O-O 20. c4 bxc4 21. Nxc4 Nxc4 22. Bxc4 Kg7 23. Rfc1 Rfc8 24. f4 exf4 25. Nxf4 Nf6 26. Bd3 Qe5 27. Ne2 Nxd5 28. Qd4 Qxd4+ 29. Nxd4 Nf4 30. Bc4 Bxe4 31. Rf1 g5 32. h4 d5 33. hxg5 Ne6 34. Nxe6+ fxe6 35. Be2 a5 36. Bg4 Re8 37. Rac1 Re7 38. Rc6 axb4 39. axb4 Ra2 40. Bf3 Bxf3 41. gxf3 Kg6 42. f4 Kf5 43. Rfc1 Kxf4 44. Rxc7 Rxc7 45. Rxc7 Kxg5 46. Rxh7 Rb2 47. Rb7 Kf4 48. b5 e5 49. b6 Ke3 50. Rb8 d4 51. b7 e4 52. Kf1 d3 0-1

[Event "17th Memorial Lezcano Montalvo 2025"]
[Site "Gran Canaria"]
[Date "2025.04.12"]
[Round "1.47"]
[White "Camino Carrio, Nicanor"]
[Black "Bernal Zelaya, Pedro Gabriel"]
[Result "1-0"]
[Annotator "RC"]
[ECO "D02"]
[WhiteElo "2045"]
[BlackElo "1538"]
[PlyCount "77"]
[EventDate "2025.04.13"]
[EventType "swiss"]
[EventCountry "ESP"]
[SourceTitle "playchess.com"]
[Source "ChessBase"]
[SourceQuality "1"]
[TimeControl "5400+30"]

1. d4 d5 2. Bf4 Nc6 3. Nf3 Nf6 4. e3 Bf5 5. Bb5 a6 6. Bxc6+ bxc6 7. Ne5 Bd7 8. Nd2 e6 9. O-O c5 10. c4 Bd6 11. dxc5 Bxc5 12. Rc1 Bd6 13. c5 Bxe5 14. Bxe5 Bb5 15. Re1 O-O 16. Qc2 Bc6 17. Nf3 Nd7 18. Bg3 f6 19. Nd4 Nb8 20. Nxe6 Qe7 21. Nxf8 Qxf8 22. Bxc7 Qe7 23. Bd6 Qe6 24. Qb3 Nd7 25. h3 f5 26. Rcd1 g5 27. Rd4 h5 28. e4 Ra7 29. Qd1 fxe4 30. Qxh5 Qf6 31. Qe8+ Kg7 32. Rb4 Kh6 33. Be7 Qg7 34. g4 Kh7 35. Qh5+ Kg8 36. Bxg5 Bb5 37. Bh6 Qf6 38. Qxd5+ Kh7 39. g5 1-0

[Event "17th Memorial Lezcano Montalvo 2025"]
[Site "Gran Canaria"]
[Date "2025.04.12"]
[Round "1.48"]
[White "Roquero Redondo, Miguel"]
[Black "Mykhyeyev, Serafim"]
[Result "1-0"]
[Annotator "RC"]
[ECO "C62"]
[WhiteElo "2037"]
[BlackElo "1516"]
[PlyCount "53"]
[EventDate "2025.04.13"]
[EventType "swiss"]
[EventCountry "ESP"]
[SourceTitle "playchess.com"]
[Source "ChessBase"]
[SourceQuality "1"]
[TimeControl "5400+30"]

1. e4 e5 2. Nf3 Nc6 3. Bb5 d6 4. d4 exd4 5. Nxd4 Bd7 6. Bxc6 Bxc6 7. Nxc6 bxc6 8. Qf3 d5 9. O-O Be7 10. Nc3 d4 11. Ne2 c5 12. Rd1 Nf6 13. c3 O-O 14. cxd4 cxd4 15. Rxd4 Qc8 16. Bg5 Re8 17. Rad1 Qa6 18. e5 Qxa2 19. exf6 Bxf6 20. Bxf6 gxf6 21. Rg4+ Kf8 22. Qxf6 Rxe2 23. Qh8+ Ke7 24. Qxa8 Qa5 25. Qd8+ Ke6 26. Qe8+ Kf6 27. Qxe2 1-0

[Event "17th Memorial Lezcano Montalvo 2025"]
[Site "Gran Canaria"]
[Date "2025.04.12"]
[Round "1.49"]
[White "Santana Slamova, Yassine"]
[Black "Rodriguez Melian, Jose Luis"]
[Result "0-1"]
[Annotator "RC"]
[ECO "C30"]
[WhiteElo "1515"]
[BlackElo "2029"]
[PlyCount "92"]
[EventDate "2025.04.13"]
[EventType "swiss"]
[EventCountry "ESP"]
[SourceTitle "playchess.com"]
[Source "ChessBase"]
[SourceQuality "1"]
[TimeControl "5400+30"]

1. e4 e5 2. f4 Bc5 3. Nf3 d6 4. Nc3 Nf6 5. fxe5 dxe5 6. Bc4 O-O 7. d3 Be6 8. Bg5 Bxc4 9. Bxf6 Qxf6 10. dxc4 c6 11. Qe2 Bb4 12. Qe3 Na6 13. O-O-O Qe6 14. a3 Be7 15. h4 f6 16. Qe2 Rfd8 17. h5 Qg4 18. Rh4 Rxd1+ 19. Nxd1 Qd7 20. Rh3 Nc5 21. Nh4 Bf8 22. Rg3 Rd8 23. Nc3 Qf7 24. Nf5 Kh8 25. Rh3 Ne6 26. g3 Nd4 27. Qf1 Nxf5 28. exf5 Rd4 29. Qf2 Qxc4 30. Rh4 Bc5 31. Rxd4 Bxd4 32. Qe2 Qxe2 33. Nxe2 Be3+ 34. Kd1 g6 35. g4 gxf5 36. gxf5 Kg7 37. Ng3 Kh6 38. Ne4 Bg5 39. Ke2 Kxh5 40. Kf3 Bc1 41. Nxf6+ Kg5 42. Nxh7+ Kxf5 43. Nf8 e4+ 44. Ke2 Bxb2 45. a4 Bd4 46. c4 Kf6 0-1

[Event "17th Memorial Lezcano Montalvo 2025"]
[Site "Gran Canaria"]
[Date "2025.04.12"]
[Round "1.50"]
[White "Sanchez Gonzalez, Diego"]
[Black "Quintana Arcila, Yaiza"]
[Result "1-0"]
[Annotator "RC"]
[ECO "C44"]
[WhiteElo "2025"]
[BlackElo "1512"]
[PlyCount "43"]
[EventDate "2025.04.13"]
[EventType "swiss"]
[EventCountry "ESP"]
[SourceTitle "playchess.com"]
[Source "ChessBase"]
[SourceQuality "1"]
[TimeControl "5400+30"]

1. e4 e5 2. Nf3 Nc6 3. d4 exd4 4. c3 dxc3 5. Nxc3 Bb4 6. Bc4 Nf6 7. e5 Qe7 8. O-O Ng8 9. Nd5 Qd8 10. Nxb4 Nxb4 11. Bg5 Ne7 12. Qb3 Nbc6 13. Bxf7+ Kf8 14. Bh5 g6 15. Bh6+ Ke8 16. Ng5 Nxe5 17. Bg7 Rg8 18. Bxe5 d6 19. Qf7+ Kd7 20. Bg4+ Kc6 21. Rac1+ Kb6 22. Qb3+ 1-0

[Event "17th Memorial Lezcano Montalvo 2025"]
[Site "Gran Canaria"]
[Date "2025.04.12"]
[Round "1.51"]
[White "Sancho Quesada, Juan Pedro"]
[Black "Torres Rebolledo, Marcos"]
[Result "0-1"]
[Annotator "RC"]
[ECO "B11"]
[WhiteElo "1503"]
[BlackElo "2010"]
[PlyCount "32"]
[EventDate "2025.04.13"]
[EventType "swiss"]
[EventCountry "ESP"]
[SourceTitle "playchess.com"]
[Source "ChessBase"]
[SourceQuality "1"]
[TimeControl "5400+30"]

1. e4 c6 2. Nf3 d5 3. Nc3 Bg4 4. h3 Bxf3 5. Qxf3 e6 6. d3 Nd7 7. Bf4 Qb6 8. Rb1 d4 9. Ne2 Qa5+ 10. Bd2 Qxa2 11. Rc1 Qxb2 12. g3 Ngf6 13. Bg2 Ne5 14. Qf4 Bd6 15. Qh4 h6 16. Nf4 g5 0-1

[Event "17th Memorial Lezcano Montalvo 2025"]
[Site "Gran Canaria"]
[Date "2025.04.12"]
[Round "1.52"]
[White "Bolivar Castro, Alejandro"]
[Black "Chara Erazo, Laura"]
[Result "1-0"]
[Annotator "RC"]
[ECO "D06"]
[WhiteElo "2006"]
[BlackElo "1500"]
[PlyCount "53"]
[EventDate "2025.04.13"]
[EventType "swiss"]
[EventCountry "ESP"]
[SourceTitle "playchess.com"]
[Source "ChessBase"]
[SourceQuality "1"]
[TimeControl "5400+30"]

1. d4 d5 2. Bf4 Nc6 3. e3 Bf5 4. c4 Nf6 5. Nc3 e6 6. Nf3 Bd6 7. Ne5 O-O 8. Be2 h6 9. O-O Qe7 10. Bg3 Rad8 11. f4 Bxe5 12. fxe5 Ne4 13. cxd5 Nb4 14. Nxe4 Bxe4 15. d6 cxd6 16. exd6 Qg5 17. Rf4 f5 18. Bf3 Bxf3 19. Rxf3 Nd5 20. Qb3 Rf7 21. Raf1 Re8 22. e4 Nf6 23. exf5 exf5 24. Be5 Ne4 25. Rxf5 Qg6 26. Rxf7 Kh8 27. Rf8+ 1-0

[Event "17th Memorial Lezcano Montalvo 2025"]
[Site "Gran Canaria"]
[Date "2025.04.12"]
[Round "1.53"]
[White "Rodriguez Morales, Jimena"]
[Black "Schmitz, Andreas Arnold"]
[Result "0-1"]
[Annotator "RC"]
[ECO "C01"]
[WhiteElo "1496"]
[BlackElo "1967"]
[PlyCount "66"]
[EventDate "2025.04.13"]
[EventType "swiss"]
[EventCountry "ESP"]
[SourceTitle "playchess.com"]
[Source "ChessBase"]
[SourceQuality "1"]
[TimeControl "5400+30"]

1. e4 e6 2. d4 d5 3. exd5 exd5 4. Bd3 Nc6 5. c3 Bd6 6. Ne2 Qf6 7. Qc2 Nge7 8. b4 Bf5 9. Bxf5 Qxf5 10. Qa4 O-O 11. O-O Bxh2+ 12. Kxh2 Qh5+ 13. Kg1 Qxe2 14. Bf4 Qb2 15. Na3 Qxc3 16. Nb5 Qxb4 17. Qxb4 Nxb4 18. Nxc7 Rad8 19. Rab1 Nec6 20. Bg5 Rd7 21. Bf4 Nxd4 22. Bh2 Na6 23. Rxb7 Nxc7 24. Bxc7 Rc8 25. Rfb1 f6 26. Rxa7 Rdxc7 27. Rxc7 Rxc7 28. a4 Kf7 29. Rd1 Ne2+ 30. Kf1 Nc3 31. Rc1 d4 32. Ke1 Rc5 33. f3 Nxa4 0-1

[Event "17th Memorial Lezcano Montalvo 2025"]
[Site "Gran Canaria"]
[Date "2025.04.12"]
[Round "1.54"]
[White "Gonzalez Martinez, Miguel Angel"]
[Black "Roque Hernandez, Francisco"]
[Result "1-0"]
[Annotator "RC"]
[ECO "C77"]
[WhiteElo "2134"]
[BlackElo "1483"]
[PlyCount "74"]
[EventDate "2025.04.13"]
[EventType "swiss"]
[EventCountry "ESP"]
[SourceTitle "playchess.com"]
[Source "ChessBase"]
[SourceQuality "1"]
[TimeControl "5400+30"]

1. e4 e5 2. Nf3 Nc6 3. Bb5 a6 4. Ba4 Nf6 5. Qe2 b5 6. Bb3 Bd6 7. c3 Na5 8. Bc2 Qe7 9. O-O Bb7 10. d3 h6 11. Nh4 g6 12. b4 Nc6 13. a4 Nh5 14. g3 O-O-O 15. axb5 axb5 16. Na3 Na7 17. Be3 c5 18. bxc5 Bxc5 19. Bxc5 Qxc5 20. d4 exd4 21. cxd4 Qb6 22. d5 d6 23. Rab1 Ba6 24. Bd3 Rd7 25. Nxb5 Nxb5 26. Bxb5 Bxb5 27. Rxb5 Qa7 28. Qb2 Rhd8 29. Ra1 Qxa1+ 30. Qxa1 Rc7 31. e5 Kd7 32. exd6 Kxd6 33. g4 Rdc8 34. Qa3+ Rc5 35. gxh5 Kxd5 36. Rxc5+ Rxc5 37. hxg6 Ke6 1-0

[Event "17th Memorial Lezcano Montalvo 2025"]
[Site "Gran Canaria"]
[Date "2025.04.12"]
[Round "1.55"]
[White "Mykhyeyeva, Maria"]
[Black "Rivero Tacoronte, Gabriel"]
[Result "0-1"]
[Annotator "RC"]
[ECO "B15"]
[WhiteElo "1478"]
[BlackElo "1963"]
[PlyCount "82"]
[EventDate "2025.04.13"]
[EventType "swiss"]
[EventCountry "ESP"]
[SourceTitle "playchess.com"]
[Source "ChessBase"]
[SourceQuality "1"]
[TimeControl "5400+30"]

1. e4 c6 2. d4 d5 3. Nc3 dxe4 4. Nxe4 Nf6 5. Nxf6+ exf6 6. c3 Bd6 7. Bd3 O-O 8. Qc2 Re8+ 9. Ne2 h5 10. O-O h4 11. h3 Nd7 12. Bf4 Nf8 13. Rad1 Rxe2 14. Qxe2 Bxf4 15. Qe4 Qc7 16. Rfe1 Be6 17. Qf3 g6 18. c4 Rd8 19. Re4 Bg5 20. Bf1 f5 21. Ree1 Qf4 22. Qc3 Bf6 23. g3 hxg3 24. Qxg3 Qxg3+ 25. fxg3 Rxd4 26. Rc1 Nd7 27. b4 Ne5 28. Kg2 Nd3 29. Bxd3 Rxd3 30. Rcd1 Bxc4 31. Re8+ Kg7 32. Rc1 Rd2+ 33. Kh1 Bd5+ 34. Kg1 Bd4+ 35. Kf1 Rh2 36. Rce1 Bc4+ 37. R8e2 Rf2+ 38. Kg1 Rxe2+ 39. Kf1 Rh2+ 40. Re2 Bxe2+ 41. Ke1 Bc3# 0-1

[Event "17th Memorial Lezcano Montalvo 2025"]
[Site "Gran Canaria"]
[Date "2025.04.12"]
[Round "1.56"]
[White "Ramirez Maillo, Juan Adonay"]
[Black "Parra Erazo, Santiago"]
[Result "1-0"]
[Annotator "RC"]
[ECO "C02"]
[WhiteElo "1956"]
[BlackElo "1473"]
[PlyCount "71"]
[EventDate "2025.04.13"]
[EventType "swiss"]
[EventCountry "ESP"]
[SourceTitle "playchess.com"]
[Source "ChessBase"]
[SourceQuality "1"]
[TimeControl "5400+30"]

1. e4 e6 2. d4 d5 3. e5 c5 4. c3 Nc6 5. Nf3 Qb6 6. Bd3 Bd7 7. O-O cxd4 8. Re1 Nh6 9. Nbd2 Nf5 10. g4 Nh6 11. h3 Be7 12. Nb3 dxc3 13. bxc3 Na5 14. Nbd4 Bc6 15. g5 Ng8 16. Be3 Nc4 17. Bxc4 dxc4 18. Nxe6 Qa5 19. Nxg7+ Kf8 20. Nf5 Rd8 21. Qe2 Qxc3 22. Rad1 Rxd1 23. Rxd1 Bxf3 24. Qxf3 h6 25. Rd8+ Bxd8 26. Bc5+ Be7 27. Qxc3 Bxc5 28. Qxc4 Bxf2+ 29. Kxf2 Ne7 30. Qc5 Kg8 31. Nxe7+ Kh7 32. g6+ fxg6 33. Qc7 Rf8+ 34. Nf5+ Rf7 35. Qxf7+ Kh8 36. Qg7# 1-0